 Dungeon Crawl Stone Soup version 0.29.0-13-gc9e81de378 (webtiles) character file.

Game seed: 8511238667369253869

53 Bartlander the Shooter (level 3, 0/28 HPs)
             Began as a Barachi Hunter on Sept 8, 2022.
             Succumbed to an adder's poison
             ... on level 2 of the Dungeon.
             The game lasted 00:02:10 (1294 turns).

Bartlander the Shooter (Barachi Hunter)             Turns: 1294, Time: 00:02:11

Health: 0/28       AC:  3    Str: 12    XL:     3   Next: 87%
Magic:  3/3        EV: 12    Int:  9    God:
Gold:   134        SH:  0    Dex: 17    Spells: 2/2 levels left

rFire   . . .      SeeInvis .   a - +0 shortbow
rCold   . . .      Faith    .   (shield currently unavailable)
rNeg    . . .      Spirit   .   c - +0 leather armour
rPois   .          Reflect  .   (no helmet)
rElec   .          Harm     .   (no cloak)
rCorr   .          Rampage  .   (no gloves)
Will    +....                   (no boots)
Stlth   ++........              (no amulet)
HPRegen 0.09/turn               d - ring of willpower
MPRegen 0.08/turn               (no ring)

@: mighty, lethally poisoned (0 -> -6), unable to hop, flying, slow
A: amphibious, slowness 1, strong legs 1, +LOS
a: Hop


You were on level 2 of the Dungeon.
You visited 1 branch of the dungeon, and saw 2 of its levels.

You collected 134 gold pieces.

Inventory:

Hand Weapons
 a - a +0 shortbow (weapon)
Armour
 c - a +0 leather armour (worn)
Jewellery
 d - a ring of willpower (left hand)
Scrolls
 b - 2 scrolls of immolation


   Skills:
 - Level 2.4 Fighting
 + Level 5.4 Ranged Weapons
 - Level 2.1 Dodging
 - Level 0.8 Stealth


You had 2 spell levels left.
You didn't know any spells.
Your spell library was empty.

Dungeon Overview and Level Annotations

Branches:
Dungeon (2/15)

Altars:
Uskayaw


Innate Abilities, Weirdness & Mutations

You are amphibious.
You cover ground slowly.
You can hop short distances.
You have an extended range of vision and can be seen from far away.


Message History

Aim: an adder (severely wounded, 46% to hit)
You shoot an arrow. The arrow closely misses the adder.
The arrow barely misses the adder.
You feel sick. The adder bites you.
You are more poisoned.
The adder poisons you!
The adder bites you but does no damage. x2
Fire: a) +0 shortbow
Press: ? - help, Q - select action, (/) - cycle Shift-Dir - straight line, f/p - adder
Aim: an adder (severely wounded, 46% to hit)
You shoot an arrow. The arrow barely misses the adder.
You feel sick. The adder misses you. x2
It was a potion of flight.
You feel very buoyant.
You fly up into the air.
You feel sick. The adder closely misses you. The adder misses you.
It was a potion of might.
You feel very mighty all of a sudden.
You feel sick. The adder bites you.
* * * LOW HITPOINT WARNING * * *
The adder closely misses you. The adder bites you.
* * * LOW HITPOINT WARNING * * *
You are lethally poisoned!
The adder poisons you! The adder barely misses you.
You are too injured to fight recklessly!
You are too injured to fight recklessly!
Fire: a) +0 shortbow
Press: ? - help, Q - select action, (/) - cycle Shift-Dir - straight line, f/p - adder
Aim: an adder (severely wounded, 46% to hit)
You shoot an arrow. The arrow hits the adder.
You kill the adder!
* * * LOW HITPOINT WARNING * * *
You feel very sick. The adder barely misses you. x2
You aren't carrying any potions.
Okay, then.
Fire: a) +0 shortbow
Press: ? - help, Q - select action, (/) - cycle Shift-Dir - straight line, f - adder
Aim: an adder (lightly wounded, 46% to hit)
You shoot an arrow. The arrow misses the adder.
You die...

#.# . ########.# ..
#######......#.# ...
#)....#......#.# ....
#.....'..._....# .....
#.....##......## ......
#.....##.....##
.......###.....########
.......).'.†@..#
.......###.S...#
.......+.......# ......
##.#+#.## .....
...#.#.# .
###.#+#####.#'####
.######.#............#
........#.#####......#
............##.......#


You could see an adder.

Vanquished Creatures
  2 adders
  4 ball pythons (D:1)
  4 endoplasms (D:1)
  A giant cockroach (D:1)
  7 goblins
  A hobgoblin (D:1)
  4 jackals (D:1)
  2 kobolds (D:1)
  2 bats (D:1)
  A frilled lizard (D:1)
  A rat (D:2)
29 creatures vanquished.

Vanquished Creatures (others)
  15 plants (D:1)
15 creatures vanquished.

Grand Total: 44 creatures vanquished

Notes
Turn   | Place    | Note
-------+----------+-------------------------------------------
     0 | D:1      | Bartlander the Barachi Hunter began the quest for the Orb.
     0 | D:1      | Reached XP level 1. HP: 17/17 MP: 1/1
   196 | D:1      | Reached XP level 2. HP: 23/23 MP: 2/2
   817 | D:1      | Reached XP level 3. HP: 28/28 MP: 3/3
   871 | D:1      | Found a faded altar of an unknown god.
   878 | D:1      | Reached skill level 5 in Ranged Weapons
  1195 | D:2      | Found a hide-covered altar of Uskayaw.
  1294 | D:2      | Succumbed to an adder's poison

Illustrated notes

Levels and vault maps discovered:
D:1:      lemuel_arrival_river_ford, layout_loops_ring,
          dilly_ecumenical_altar_fadedgnrine, chequers_serial_rivers_small_b,
          minmay_curled_crystal, nicolae_figureground_sparkle
D:2:      layout_basic, basic_altar, hex_medium, uniq_terence,
          uniq_crazy_yiuf_cottage

Skill      XL: |  1  2  3 |
---------------+----------+-----
Ranged Weapons | 5 |  5.4
Fighting       | |  2.4
Dodging        | |  2.1
Stealth        | |  0.8

Action                   || total
-------------------------++-------
 Fire: Shortbow          ||    77
 Abil: Hop               ||     1
  Use: Scroll            ||     3
       Potion            ||     2
Armor: Leather armour    ||    14
Dodge: Dodged            ||    41
